 Dungeon Crawl Stone Soup version 0.28.0-53-g5a82cb258f (webtiles) character file.

Game seed: 16788245787326815842

1835 DocClef the Slicer (level 9, 0/43 HPs)
             Began as a Vine Stalker Fighter on July 7, 2022.
             Was an Initiate of Hepliaklqana.
             Slain by Joseph
             ... wielding a +0 quarterstaff
              (13 damage)
             ... on level 7 of the Dungeon.
             The game lasted 00:06:14 (5773 turns).

DocClef the Slicer (Vine Stalker Fighter)           Turns: 5773, Time: 00:06:14

Health: 0/43       AC: 11    Str: 25    XL:     9   Next: 11%
Magic:  0/10       EV:  7    Int:  8    God:    Hepliaklqana [......]
Gold:   323        SH:  5    Dex: 16    Spells: 8/8 levels left

rFire   . . .      SeeInvis +   b - +2 rapier (drain)
rCold   . . .      Faith    .   c - +0 buckler
rNeg    . . .      Spirit   +   u - +0 chain mail
rPois   +          Reflect  .   n - +0 helmet
rElec   .          Harm     .   f - +0 cloak
rCorr   .          Rampage  .   (no gloves)
Will    +....                   (no boots)
Stlth   ..........              (no amulet)
HPRegen 0.94/turn               m - ring of Dergh {rPois Str+4 SInv}
MPRegen 0.12/turn               (no ring)

@: no status effects
A: fangs 3, regeneration 1, magic shield, antimagic bite, no potion heal 2
a: Renounce Religion


You were on level 7 of the Dungeon.
You worshipped Hepliaklqana.
Hepliaklqana was noncommittal.
You visited 2 branches of the dungeon, and saw 8 of its levels.

You collected 323 gold pieces.

Inventory:

Hand Weapons
 b - a +2 rapier of draining (weapon)
Missiles
 y - a throwing net (quivered)
Armour
 c - a +0 buckler (worn)
 f - a +0 cloak (worn)
 n - a +0 helmet (worn)
 u - a +0 chain mail (worn)
Jewellery
 m - the ring of Dergh (left hand) {rPois Str+4 SInv}
   (You found it on level 2 of the Dungeon)

   [ring of see invisible]

   Str:       It affects your strength (+4).
   rPois:     It protects you from poison.
   SInv:      It lets you see invisible.
Wands
 t - a wand of paralysis (1)
Scrolls
 a - a scroll of enchant armour {unknown}
 e - a scroll of summoning {unknown}
 g - a scroll of noise {unknown}
 h - a scroll of vulnerability {unknown}
 i - 3 scrolls of enchant weapon {unknown}
 j - a scroll of brand weapon {unknown}
 k - a scroll of blinking {unknown}
 l - 4 scrolls of teleportation {unknown}
 r - 9 scrolls of identify {unknown}
 s - 2 scrolls of amnesia {unknown}
 v - a scroll of acquirement {unknown}
 x - a scroll of silence {unknown}
Potions
 d - a potion of might
 o - a potion of attraction {unknown}
 p - a potion of brilliance {unknown}
 q - a potion of berserk rage {unknown}
 w - 2 potions of curing {unknown}


   Skills:
 - Level 2.6 Fighting
 + Level 10.7 Short Blades
 - Level 2.4 Armour
 - Level 2.6 Shields


You had 8 spell levels left.
You didn't know any spells.
Your spell library contained the following spells:

 Spells                   Type           Power      Damage    Failure   Level
 Beastly Appendage        Tmut           0%         N/A       99%         1
 Magic Dart               Conj           0%         1d3       99%         1
 Call Imp                 Summ           0%         N/A       99%         2
 Searing Ray              Conj           0%         2d4       99%         2
 Sublimation of Blood     Necr           0%         N/A       99%         2
 Wereblood                Tmut           0%         N/A       99%         2
 Ignite Poison            Fire/Tmut/Pois 0%         N/A       100%        3
 Mephitic Cloud           Conj/Pois/Air  0%         N/A       100%        3
 Spider Form              Tmut/Pois      0%         N/A       100%        3
 Tukima's Dance           Hex            0%         N/A       100%        3
 Anguish                  Hex/Necr       0%         N/A       100%        4
 Fulminant Prism          Conj/Hex       0%         3d6       100%        4
 Passage of Golubria      Tloc           0%         N/A       100%        4
 Petrify                  Tmut/Erth      0%         N/A       100%        4
 Freezing Cloud           Conj/Ice/Air   0%         6-21      100%        5
 Irradiate                Conj/Tmut      0%         3d13      100%        5
 Yara's Violent Unravell  Hex/Tmut       0%         3d3       100%        5
 Enfeeble                 Hex            0%         N/A       100%        7


Dungeon Overview and Level Annotations

Branches:
Dungeon (7/15)             Temple (1/1) D:6

Altars:
Ashenzari
Cheibriados
Dithmenos
Fedhas
Gozag
Hepliaklqana
Kikubaaqudgha
Trog
Vehumet
Wu Jian
Yredelemnul
The Shining One

Shops:
D:4 *

Annotations:
D:2 1 runed translucent door, Crazy Yiuf
D:7 1 runed translucent door, Joseph


Innate Abilities, Weirdness & Mutations

You have razor-sharp teeth.
Your natural rate of healing is unusually fast.
When hurt, damage is shared between your health and your magic reserves.
Your bite disrupts and absorbs the magic of your enemies.
Potions cannot restore your health.


Message History

You puncture the black bear!
The black bear is moderately wounded.
The black bear bites you but does no damage.
You block the black bear's attack.
The black bear claws you but does no damage.
You hit the black bear. You drain the black bear. You bite the black bear.
You drain its power.
The black bear is heavily wounded.
The black bear bites you but does no damage.
The black bear claws you but does no damage.
The black bear barely misses you.
You hit the black bear.
The black bear is severely wounded.
You puncture the black bear!
You kill the black bear!
No target in view!
Found 24 sling bullets.
r - 8 scrolls labelled EMUNAU LUVINTI (gained 1)
r - 9 scrolls labelled EMUNAU LUVINTI (gained 1)
You now have 323 gold pieces (gained 17).
Joseph, a Mercenary comes into view.
He is wielding a +0 quarterstaff.
Joseph shouts!
Joseph says, "I've waited for this moment for such a long time."
Joseph unwields a +0 quarterstaff.
Joseph wields a +0 hunting sling.
Joseph shoots a sling bullet.
The sling bullet hits you!
Joseph is nearby!
Joseph is nearby!
Joseph shoots a sling bullet.
The sling bullet hits you!!
You are too injured to fight recklessly!
Joseph shoots a sling bullet.
The sling bullet hits you!
* * * LOW HITPOINT WARNING * * *
You start resting.
Joseph is nearby!
Joseph unwields a +0 hunting sling.
Joseph wields a +0 quarterstaff.
Joseph hits you with a +0 quarterstaff!
* * * LOW HITPOINT WARNING * * *
You puncture Joseph!
Joseph is lightly wounded.
Joseph hits you with a +0 quarterstaff!
You die...

#.###.........#
#..###........#
##.#####.....##
########..# #######
..........#
..........## ######
......(.#..###....###
........##.##.......##
.......###.##@.......#
....... #..@........#
....... ##..........#
......# #...........#
.....@ #...........#
....## #..........##
###........#
##########


You could see Joseph.

Vanquished Creatures
  Sigmund (D:5)
  A black bear (D:7)
  2 ogres
  A necrophage (D:5)
  A centaur (D:6)
  5 phantoms
  A scorpion (D:5)
  A water moccasin zombie (D:5)
  A water moccasin skeleton (D:5)
  A centaur zombie (D:5)
  A jelly (D:6)
  2 hounds (D:5)
  A bullfrog skeleton (D:5)
  A centaur skeleton (D:6)
  3 orc priests
  2 iguanas
  4 orc wizards
  A killer bee zombie (D:5)
  Robin (D:2)
  8 adders
  4 gnolls (D:5)
  A white imp (D:6)
  An ufetubus (D:5)
  2 worms (D:2)
  4 dart slugs
  11 orcs
  6 endoplasms
  4 giant cockroaches
  20 goblins
  9 hobgoblins
  6 jackals (D:2)
  4 kobolds
  3 quokkas
  6 ball pythons
  9 bats
  5 frilled lizards
  4 rats
138 creatures vanquished.

Vanquished Creatures (others)
  3 fungi (D:2)
3 creatures vanquished.

Grand Total: 141 creatures vanquished

Notes
Turn   | Place    | Note
-------+----------+-------------------------------------------
     0 | D:1      | DocClef the Vine Stalker Fighter began the quest for the
                  | Orb.
     0 | D:1      | Reached XP level 1. HP: 11/11 MP: 2/2
    31 | D:1      | Reached skill level 2 in Short Blades
   277 | D:1      | Reached XP level 2. HP: 16/16 MP: 3/3
   355 | D:1      | Found a radiant altar of Vehumet.
   535 | D:1      | Reached skill level 3 in Short Blades
   549 | D:1      | Reached XP level 3. HP: 18/19 MP: 4/4
  1464 | D:2      | Gained mutation: Your natural rate of healing is unusually
                  | fast. [Vine Stalker growth]
  1464 | D:2      | Reached XP level 4. HP: 22/23 MP: 5/5
  1503 | D:2      | Identified the ring of Dergh {rPois Str+4 SInv}
  1581 | D:2      | Reached skill level 4 in Short Blades
  1608 | D:2      | Noticed Robin
  1624 | D:2      | Killed Robin
  1814 | D:2      | Reached XP level 5. HP: 27/27 MP: 4/6
  1935 | D:2      | Found a runed translucent door.
  1936 | D:2      | Noticed Crazy Yiuf
  2491 | D:3      | Found a faded altar of an unknown god.
  2539 | D:3      | Reached skill level 5 in Short Blades
  3072 | D:4      | Found Dita's Assorted Antiques.
  3072 | D:4      | Noticed a phantom
  3086 | D:4      | Killed a phantom
  3087 | D:4      | Reached XP level 6. HP: 32/32 MP: 5/7
  3313 | D:4      | Reached skill level 6 in Short Blades
  3523 | D:5      | Entered Level 5 of the Dungeon
  3568 | D:5      | Noticed Sigmund
  3580 | D:5      | Killed Sigmund
  3581 | D:5      | Reached skill level 7 in Short Blades
  3581 | D:5      | Reached XP level 7. HP: 35/35 MP: 8/8
  3936 | D:5      | Reached skill level 8 in Short Blades
  3959 | D:5      | Gained mutation: You have razor-sharp teeth. [Vine Stalker
                  | growth]
  3959 | D:5      | Reached XP level 8. HP: 18/39 MP: 3/9
  4224 | D:5      | Reached skill level 9 in Short Blades
  4551 | D:6      | Found a staircase to the Ecumenical Temple.
  4561 | Temple   | Entered the Ecumenical Temple
  5019 | D:6      | Reached skill level 10 in Short Blades
  5046 | D:6      | Found a shadowy altar of Dithmenos.
  5047 | D:6      | Noticed a shadow
  5062 | D:6      | Found a hazy altar of Hepliaklqana.
  5094 | D:6      | Became a worshipper of Hepliaklqana the Forgotten
  5122 | D:6      | Reached XP level 9. HP: 43/43 MP: 10/10
  5578 | D:7      | Found a runed translucent door.
  5757 | D:7      | Noticed Joseph
  5773 | D:7      | Slain by Joseph

Illustrated notes

Levels and vault maps discovered:
D:1:      co_arrival_random_square_maze, layout_rooms, serial_forest,
          infiniplex_forest_lined_3, infiniplex_forest_lined_room_2,
          infiniplex_forest_lined_3, infiniplex_forest_straight_3,
          infiniplex_forest_straight_1, infiniplex_forest_clump_double,
          infiniplex_forest_straight_1, corexii_corridor_pit,
          chequers_serial_rivers_micro_b, minmay_hexomino_r4
D:2:      layout_loops_ring, uniq_robin, uniq_crazy_yiuf_cottage
D:3:      layout_loops_ring, shapermc_ecumenical_altar_pompeii,
          grunt_decor_mini_mirrors, chequers_serial_rivers_micro_b,
          minmay_fractal_squares_gapless_5
D:4:      layout_basic, serial_shops, nicolae_shop_statue_plus,
          hangedman_decor_push
D:5:      layout_loops_ring, kennysheep_donut, uniq_sigmund
D:6:      layout_basic, riverfiend_overflow_shadow_ancestor,
          minmay_temple_entry_glass
D:7:      layout_cave_pods, okawaru_metal_pillars_1_2,
          ebering_ghost_reflecting_pool, kennysheep_generic_room_10,
          uniq_joseph, uniq_menkaure
Temple:   compressed_dpeg_triangle_lava_temple

Skill      XL: |  1  2  3  4  5  6  7  8 |
---------------+-------------------------+-----
Short Blades   | 2 3 4 5 7 8 10 | 10.7
Fighting       | |  2.6
Armour         | |  2.4
Shields        | |  2.6

Action                   |  1- 3 |  4- 6 |  7- 9 || total
-------------------------+-------+-------+-------++-------
Melee: Rapier            |    33 |    22 |   140 ||   195
       Bite              |    21 |    23 |    39 ||    83
       Short sword       |    54 |   107 |       ||   161
Armor: Scale mail        |    25 |    24 |       ||    49
       Chain mail        |       |    14 |    68 ||    82
Dodge: Dodged            |    49 |    36 |    31 ||   116
Block: Buckler           |    23 |    15 |    19 ||    57
